 Dungeon Crawl Stone Soup version 0.15.2 (webtiles) character file.

75 MisterOstroum the Ruffian (level 4, 0/35 HPs)
             Began as a Mummy Monk on Dec 22, 2019.
             Slain by an orc
             ... wielding a +0 dagger
              (5 damage)
             ... on Level 3 of the Dungeon.
             The game lasted 00:14:45 (4113 turns).

MisterOstroum the Ruffian (Mummy Monk)              Turns: 4113, Time: 00:14:45

HP   0/35        AC  3     Str 15      XL: 4   Next: 11%
MP   4/4         EV 13     Int  9      God:
Gold 75          SH  0     Dex 14      Spells:  0 memorised,  3 levels left

rFire  . . .     SeeInvis .       - Unarmed
rCold  + . .     Clarity  .     (no armour)
rNeg   + + +     rCorr    .     (no shield)
rPois  +         rRot     +     (no helmet)
rElec  .         Spirit   .     o - +2 cloak {MR+}
SustAb .         Warding  .     (no gloves)
rMut   .         Stasis   .     (no boots)
Gourm  .                        (no amulet)
MR     +....                    (no ring)
                                q - ring of protection from fire

@: somewhat resistant to hostile enchantments, unstealthy
A: no food or potions, fire vulnerability, restore body, cold resistance 1,
negative energy resistance 3, poison resistance, torment resistance, unbreathing
a: no special abilities


You were on level 3 of the Dungeon.
You were not hungry.

You visited 1 branch of the dungeon, and saw 3 of its levels.

You collected 75 gold pieces.

Inventory:

Armour
 o - a +2 cloak of magic resistance (worn)
Scrolls
 c - 3 scrolls of enchant weapon {unknown}
 g - 2 scrolls of identify {unknown}
 i - a scroll of amnesia {unknown}
 j - a scroll of enchant armour {unknown}
 k - a scroll of teleportation {unknown}
 m - 2 scrolls of remove curse {unknown}
 n - a scroll of noise {unknown}
 p - a scroll of blinking {unknown}
Jewellery
 q - a ring of protection from fire (left hand)
Potions
 b - a potion of haste {unknown}
 d - a potion of lignification {unknown}
 e - 2 potions of curing {unknown}
 f - a potion of brilliance {unknown}
 h - a potion of resistance {unknown}


   Skills:
 - Level 3.4 Fighting
 - Level 2.6 Dodging
 + Level 2.8 Stealth
 - Level 3.7 Unarmed Combat


You had 3 spell levels left.
You didn't know any spells.

Dungeon Overview and Level Annotations

Branches:
Dungeon (3/15)

Altars:

Annotations:
D:2 Sigmund
D:3 1 exclusion


Innate Abilities, Weirdness & Mutations

You do not eat or drink.
Your flesh is vulnerable to fire.
Your flesh is cold resistant.
You are immune to negative energy.
Your system is resistant to poisons.
You are immune to unholy pain and torment.
You can survive without breathing.


Message History

You barely miss the adder.
The adder is heavily wounded.
The adder barely misses you.
You barely miss the adder.
The adder is heavily wounded.
The adder completely misses you. The adder misses you.
You barely miss the adder.
The adder is heavily wounded.
The adder closely misses you.
You hit the adder.
The adder is severely wounded.
The adder misses you.
You hit the adder.
You kill the adder!
No target in view!
There is a stone staircase leading up here.
You see here a +0 cloak.
You start resting.
HP restored.
m - 2 scrolls labeled GEIPSESKATS (gained 1)
A hobgoblin comes into view. It is wielding a club.
The hobgoblin shouts!
You start waiting.
You hit the hobgoblin.
You kill the hobgoblin!
You have reached level 4!
You see here a club.
Quiver which item? (- for none, * to show all) (? for menu, Esc to quit)
Quivering
a - a +0 robe for throwing.
Tossing away (i - inventory):
a - a +0 robe (quivered)
Press: ? - help, Shift-Dir - straight line, f - orc
Aim: an orc, wielding a hand axe (hasn't noticed you)
You toss away a +0 robe.
The +0 robe hits the orc but does no damage.
The orc throws a tomahawk.
The tomahawk barely misses you.
The orc throws a tomahawk.
The tomahawk hits you.
A kobold comes into view. It is wielding a whip.
You see here a tomahawk.
The kobold shouts!
An orc comes into view. It is wielding a dagger.
The orc shouts!
The orc throws a tomahawk.
The tomahawk closely misses you. The orc barely misses you.
You hit the orc but do no damage. The kobold closely misses you.
The orc barely misses you.
You barely miss the orc. The kobold hits you with a whip.
The orc throws a tomahawk.
The tomahawk closely misses you.
You barely miss the kobold. The kobold hits you with a whip.
You closely miss the kobold. The kobold completely misses you.
You hit the kobold.
You kill the kobold!
The orc shouts!
Found 27 sling bullets.
You see here 27 sling bullets.
You hit the orc.
The orc is moderately wounded.
The orc hits you with a mace.
You barely miss the orc.
The orc is moderately wounded.
You closely miss the orc.
The orc is moderately wounded.
The orc barely misses you.
You hit the orc.
You kill the orc!
You closely miss the orc. The orc barely misses you.
The orc throws a tomahawk.
The tomahawk closely misses you.
You see here a tomahawk.
You hit the orc.
The orc is severely wounded.
The orc misses you.
You completely miss the orc.
The orc is severely wounded.
You hit the orc.
You kill the orc!
You hit the orc.
The orc is almost dead.
The orc barely misses you.
The orc priest shouts!
The orc priest calls down the wrath of Beogh upon you.
Something smites you!
You hit the orc.
You kill the orc!
You closely miss the orc priest. The orc hits you with a dagger.
* * * LOW HITPOINT WARNING * * *
The orc priest closely misses you.
You hit the orc priest.
The orc priest is moderately wounded.
The orc hits you with a dagger.
* * * LOW HITPOINT WARNING * * *
The orc priest mumbles some strange prayers to Beogh.
You feel a wave of unholy energy pass over you.
You hit the orc priest.
The orc priest is severely wounded.
The orc hits you with a dagger.
* * * LOW HITPOINT WARNING * * *
The orc priest closely misses you.
You barely miss the orc priest.
The orc priest is severely wounded.
The orc hits you with a dagger.
You die...

..###.###..#........#
.......%.....>#.###.#
............o....)(.#
..#.#.##...##.#.###.########
...........[........(......#
..........o##.#..##)########
..#........##.#..##.#
..#...##...##)#.o##.#
..#.............@##.#
.........(......o##.#######
.)#......(..(.#...)........#
..########.####.###########
.## #.# #.# .# #(# #.# ##
### ##


You could see an orc priest and an orc.

Vanquished Creatures
  2 adders
  An ooze (D:1)
  4 orcs (D:3)
  5 bats
  3 giant cockroaches
  4 goblins
  10 hobgoblins
  4 giant newts (D:1)
  12 kobolds
  6 rats
51 creatures vanquished.

Notes
Turn   | Place    | Note
--------------------------------------------------------------
     0 | D:1      | MisterOstroum, the Mummy Monk, began the quest for the Orb.
     0 | D:1      | Reached XP level 1. HP: 18/18 MP: 1/1
   612 | D:1      | Reached XP level 2. HP: 1/24 MP: 2/2
  2512 | D:2      | Noticed Sigmund
  2566 | D:2      | Reached XP level 3. HP: 27/29 MP: 3/3
  4059 | D:3      | Reached XP level 4. HP: 35/35 MP: 4/4
  4113 | D:3      | Slain by an orc

Action                   |  1- 3 |  4- 6 || total
-------------------------+-------+-------++-------
Melee: Unarmed           |   208 |    19 ||   227
 Stab: Sleeping          |     3 |       ||     3
       Distracted        |     1 |       ||     1
